 Dungeon Crawl Stone Soup version 0.30-a0-292-g0f741e3f8e (webtiles) character file.

Game seed: 18133877785874019352

60 jlumianski the Chopper (level 3, -7/27 HPs)
             Began as a Demonspawn Gladiator on Oct 17, 2022.
             Killed by nerve-wracking pain
             ... invoked by Grinder
              (12 damage)
             ... on level 2 of the Dungeon.
             The game lasted 00:04:16 (967 turns).

jlumianski the Chopper (Demonspawn Gladiator)        Turns: 967, Time: 00:04:16

Health: -7/27      AC:  8    Str: 16    XL:     3   Next: 82%
Magic:  3/3        EV:  9    Int:  9    God:
Gold:   82         SH:  4    Dex: 14    Spells: 2/2 levels left

rFire   . . .      SeeInvis .    a - +1 war axe
rCold   . . .      Faith    .    (no shield)
rNeg    . . .      Spirit   .    b - +0 leather armour
rPois   .          Reflect  .    c - +0 helmet
rElec   .          Harm     .    (no cloak)
rCorr   .          Rampage  .    (no gloves)
Will    .....                    (no boots)
Stlth   +.........               (no amulet)
HPRegen 0.24/turn                (no ring)
MPRegen 0.08/turn                (no ring)

@: grasped by roots, on berserk cooldown, flying, slowed, constricted, very slow
A: icemail 1, condensation shield
a: no special abilities


You were on level 2 of the Dungeon.
You visited 1 branch of the dungeon, and saw 3 of its levels.

You collected 82 gold pieces.

Inventory:

Hand Weapons
 a - a +1 war axe (weapon)
Missiles
 d - 3 throwing nets
 e - a javelin
 j - 13 poisoned darts (quivered)
 n - 2 boomerangs
Armour
 b - a +0 leather armour (worn)
 c - a +0 helmet (worn)
Scrolls
 f - a scroll of enchant weapon
 k - a scroll of fog
 l - a scroll of blinking {unknown}
 o - a scroll of teleportation {unknown}
 p - a scroll of brand weapon {unknown}
 r - a scroll of noise {unknown}
Potions
 m - a potion of resistance {unknown}
 q - a potion of attraction {unknown}


   Skills:
 + Level 2.2 Fighting
 + Level 3.8 Axes
 + Level 1.9 Throwing
 + Level 0.3 Armour
 + Level 3.0 Dodging


You had 2 spell levels left.
You didn't know any spells.
Your spell library contained the following spells:

 Spells                   Type           Power      Damage    Failure   Level
 Summon Small Mammal      Summ           0%         N/A       45%         1
 Call Canine Familiar     Summ           0%         N/A       83%         3
 Summon Guardian Golem    Hex/Summ       0%         N/A       83%         3


Dungeon Overview and Level Annotations

Branches:
Dungeon (3/15)

Altars:

Annotations:
D:2 Grinder


Innate Abilities, Weirdness & Mutations

A meltable icy envelope protects you from harm. (AC +4)
A meltable shield of frost defends you. (SH +4)


Message History

You climb downwards.
Grinder shouts!
You hear a shout! x4
A kobold comes into view. It is wielding a +0 dagger.
Found a scroll labelled TYALET KESK.
There is a stone staircase leading up here.
Grinder hits you but does no damage.
You climb upwards.
There is a stone staircase leading down here.
Okay, then.
You slash Grinder!
Grinder is moderately wounded.
Grinder gestures at you.
You suddenly lose the ability to move!
Grinder gestures at you. You resist with significant effort. Grinder hits you.
Grinder gestures at you. Pain shoots through your body!
You can move again.
A red film seems to cover your vision as you go berserk!
You feel yourself moving faster!
You feel mighty!
Grinder blinks!
You feel a strong urge to attack something.
You feel your anger nearly subside.
Grinder zaps a wand.
The roots erupt in riotous growth!
The grasping roots grab you! The grasping roots constrict you.
* * * LOW HITPOINT WARNING * * *
The roots grasp on you weakens, but your attempt to escape fails.
You are no longer berserk.
You are exhausted.
You feel yourself slow down. Grinder gestures at you.
You barely resist. The grasping roots constrict you.
* * * LOW HITPOINT WARNING * * *
It was a potion of flight.
You feel very buoyant.
You fly up into the air.
Grinder gestures at you. Pain shoots through your body!
You die...

#.##.....#
####.##.....#
#....##.....#
#....##.....#
#...###.....##
##........†..####
#.†##.##......>#
#..#.#.#..#.##.#
#...# #...5.@..#
##.# ##....#..#
#.. #...#......#
#.. #.........###
## #.##.......#
## #.####### ##
#.# .### #.# ...#
#.#


You could see Grinder.

Vanquished Creatures
  A gnoll (D:1)
  2 adders (D:1)
  3 ball pythons (D:1)
  5 endoplasms (D:1)
  A giant cockroach (D:1)
  7 hobgoblins
  4 bats
  2 frilled lizards
  A goblin (D:2)
  4 kobolds (D:1)
  2 rats
32 creatures vanquished.

Notes
Turn   | Place    | Note
-------+----------+-------------------------------------------
     0 | D:1      | jlumianski the Demonspawn Gladiator began the quest for the
                  | Orb.
     0 | D:1      | Reached XP level 1. HP: 16/16 MP: 1/1
   105 | D:1      | Found a faded altar of an unknown god.
   172 | D:2      | Gained mutation: A meltable shield of frost defends you.
                  | (SH +4) [demonic ancestry]
   172 | D:2      | Reached XP level 2. HP: 22/22 MP: 2/2
   442 | D:1      | Gained mutation: A meltable icy envelope protects you from
                  | harm. (AC +4) [demonic ancestry]
   442 | D:1      | Reached XP level 3. HP: 18/27 MP: 3/3
   955 | D:3      | Noticed Grinder
   958 | D:2      | Paralysed by Grinder for 4 turns
   967 | D:2      | Killed from afar by Grinder

Illustrated notes

Levels and vault maps discovered:
D:1:      lemuel_arrival_broad_hall, layout_loops_ring,
          ebering_ecumenical_altar_abandoned, chequers_serial_rivers_micro_e,
          chequers_jeans
D:2:      layout_loops_cross, minmay_joined_circles
D:3:      layout_loops_ring, kennysheep_ying_yang, cheibrodos_ashenzari_chains,
          st_stairs_4, mrwooster_statue_mirror, uniq_terence, uniq_robin,
          uniq_grinder

Skill      XL: |  1  2 |
---------------+-------+-----
Axes           | 3 |  3.8
Dodging        | 3 |  3.0
Fighting       | |  2.2
Throwing       | |  1.9
Armour         | |  0.3

Action                   || total
-------------------------++-------
Melee: War axe           ||    87
       Punch             ||     2
  Use: Scroll            ||     4
       Potion            ||     3
Armor: Leather armour    ||    36
Dodge: Dodged            ||    88
Block: Other             ||    16

Table legend: (Time is in decaauts)
 A = Elapsed time spent in this place.
 B = Non-inter-level travel time spent in this place.
 C = Inter-level travel time spent in this place.
 D = Time resting spent in this place.
 E = Time spent auto-exploring this place.
 F = Levels seen in this place.
 G = Mean time per level.
                   A        B        C        D        E       F      G
               +--------+--------+--------+--------+--------+-----+--------+
         Total |   1016 |    967 |     49 |      0 |    353 |   3 |  338.7 |
       Dungeon |   1016 |    967 |     49 |      0 |    353 |   3 |  338.7 |
               +--------+--------+--------+--------+--------+-----+--------+

Top non-repeatable levels by time:
     D:1: 796 daAuts
     D:2: 177 daAuts
     D:3: 43 daAuts
